 Dungeon Crawl Stone Soup version 0.20-a0-150-g0ef8409 (webtiles) character file.

728 PurpleRed the Chopper (level 7, -3/54 HPs)
             Began as a Mummy Wanderer on Nov 21, 2016.
             Slain by an ogre
             ... wielding a +0 giant spiked club
              (11 damage)
             ... on level 5 of the Dungeon.
             The game lasted 00:10:19 (4028 turns).

PurpleRed the Chopper (Mummy Wanderer)              Turns: 4028, Time: 00:10:20

Health: -3/54      AC: 14    Str: 17    XL:     7   Next: 44%
Magic:  7/7        EV:  5    Int: 13    God:
Gold:   331        SH:  0    Dex: 10    Spells: 6/6 levels left

rFire  x . .     SeeInvis +     t - +0 war axe
rCold  + . .     Gourm    .     f - +0 plate armour
rNeg   + + +     Faith    .     (no shield)
rPois  ∞         Spirit   .     (no helmet)
rElec  .         Reflect  .     (no cloak)
rCorr  .         Harm     .     e - +0 pair of gloves
MR     .....                    p - +1 pair of boots
Stlth  ..........               k - amulet of regeneration
                                (no ring)
                                g - ring of see invisible

@: no status effects
A: no food or potions, fire vulnerability, cold resistance 1, negative energy
resistance 3, torment resistance, unbreathing
a: no special abilities


You were on level 5 of the Dungeon.
You were not hungry.

You visited 1 branch of the dungeon, and saw 5 of its levels.
You also visited: Sewer.

You collected 331 gold pieces.

Inventory:

Hand Weapons
 a - a +2 hand axe
 d - a +0 dagger
 j - the +1 rapier of the Final Decision {flame, *Corrode +Rage rElec}
   (You found it on level 4 of the Dungeon)

   It has been specially enchanted to burn those struck by it, causing extra
   injury to most foes and up to half again as much damage against particularly
   susceptible opponents.
   It insulates you from electricity.
   It lets you go berserk.
   It may corrode you when you take damage.
 n - a +0 flail
 t - a +0 war axe (weapon)
Missiles
 s - 6 tomahawks (quivered)
Armour
 b - a +0 ring mail
 e - a +0 pair of gloves (worn)
 f - a +0 plate armour (worn)
 p - a +1 pair of boots (worn)
Jewellery
 g - a ring of see invisible (left hand)
 k - an amulet of regeneration (around neck)
Wands
 m - a wand of teleportation (4/9)
Scrolls
 c - a scroll of teleportation
 h - 2 scrolls of fear
 i - a scroll of enchant armour
 l - a scroll of recharging
 o - 3 scrolls of remove curse
 q - a scroll of enchant weapon
 r - 2 scrolls of blinking
 u - a scroll of identify
 v - 4 scrolls of random uselessness {unknown}
Books
 w - Giobewad's Almanac of Bewitchment
   (You found it in a sewer)

   Spells                             Type                      Level
   a - Inner Flame                    Hexes/Fire                   3
   b - Tukima's Dance                 Hexes                        3
   c - Invisibility                   Hexes                        6


   Skills:
 - Level 4.0 Fighting
 * Level 6.6 Axes
 + Level 2.9 Armour
 - Level 1.5 Stealth


You had 6 spell levels left.
You didn't know any spells.

Dungeon Overview and Level Annotations

Branches:
Dungeon (5/15)
 Temple: D:4-7

Altars:
Ashenzari
Elyvilon
Trog
Uskayaw
Zin
Beogh

Shops:
D:4 [


Innate Abilities, Weirdness & Mutations

You do not eat or drink.
Your flesh is vulnerable to fire.
You are immune to poison.
Your flesh is cold resistant. (rC+)
You are immune to negative energy. (rN+++)
You are immune to unholy pain and torment.
You can survive without breathing.


Message History

The orc priest hits you but does no damage.
You completely miss the orc priest.
The orc priest is moderately wounded.
The orc priest invokes the aid of Beogh against you.
Beogh smites you!
Found a stone staircase leading down.
Found a stone staircase leading up.
The orc priest mumbles some strange prayers to Beogh against you.
You are unaffected.
The orc priest mumbles some strange prayers to Beogh against you.
Beogh smites you!
* * * LOW HITPOINT WARNING * * *
The orc priest looks encouraged for a moment.
The orc priest looks encouraged for a moment.
The orc priest looks braver for a moment.
The orc priest calls down the wrath of Beogh upon you.
Beogh smites you!
* * * LOW HITPOINT WARNING * * *
The ogre hits you with a giant spiked club!
You die...

########.#o#
##..###### #.#o#
#......>..... #.#.#
#........<.. ..#.#
#...######.# ###.#
#..........# #.#
#....#####.# #.#
#....#≈≈≈#.# .
#.######[[..#≈≈≈#.#..
#..O@.....#.#≈.≈#.#..
########....#≈≈≈#....
#.##.#≈≈≈#.#.#
#.##.##'##...#
#............#
#.######.%####
########)# #..#
#.......)# #..#
##.######## #..#


You could see an ogre.

Vanquished Creatures
  Menkaure (D:4)
  Purgy (Sewer)
  An ogre (D:3)
  The ghost of mhoghedin the Changer, an amateur MfTm (D:3)
  A crimson imp (D:5)
  3 orc priests
  Ijyb (D:2)
  A worker ant (D:4)
  8 adders
  2 dart slugs (D:1)
  2 leopard geckos
  11 orcs
  6 giant cockroaches
  6 goblins
  4 hobgoblins
  9 jackals
  3 quokkas
  5 ball pythons
  7 bats
  3 frilled lizards
  7 kobolds
  2 leopard gecko skeletons (D:4)
  11 rats
96 creatures vanquished.

Vanquished Creatures (others)
  An orc wizard (D:4)
1 creature vanquished.

Grand Total: 97 creatures vanquished

Notes
Turn   | Place    | Note
-------+----------+-------------------------------------------
     0 | D:1      | PurpleRed the Mummy Wanderer began the quest for the Orb.
     0 | D:1      | PurpleRed set off with: a +2 hand axe, a +0 ring mail, a scroll of teleportation, a +0 dagger
     0 | D:1      | Reached XP level 1. HP: 19/19 MP: 1/1
    61 | D:1      | Reached skill level 2 in Axes
   141 | D:1      | Reached XP level 2. HP: 24/25 MP: 2/2
   696 | D:1      | Reached XP level 3. HP: 30/30 MP: 3/3
   936 | D:2      | Reached skill level 3 in Axes
   966 | D:2      | Noticed Ijyb
  1024 | D:2      | Found a shattered altar of Ashenzari.
  1035 | D:2      | Found a white marble altar of Elyvilon.
  1037 | D:2      | Found a glowing silver altar of Zin.
  1040 | D:2      | Found a hide-covered altar of Uskayaw.
  1040 | D:2      | Found a bloodstained altar of Trog.
  1144 | D:2      | Killed Ijyb
  1144 | D:2      | Reached XP level 4. HP: 37/37 MP: 4/4
  1549 | D:3      | Reached skill level 4 in Axes
  1573 | D:3      | Noticed mhoghedin's ghost (amateur MfTm)
  1601 | D:3      | Killed mhoghedin's ghost
  1601 | D:3      | Reached XP level 5. HP: 26/42 MP: 5/5
  1792 | D:3      | Noticed an ogre
  1934 | D:3      | Killed an ogre
  1934 | D:3      | Reached skill level 5 in Axes
  1934 | D:3      | Reached XP level 6. HP: 36/48 MP: 6/6
  2609 | D:4      | Noticed Menkaure
  2719 | D:4      | Killed Menkaure
  2800 | D:4      | Reached skill level 6 in Axes
  3336 | D:4      | Found Quseec's Antique Armour Shoppe.
  3453 | D:4      | Got a crystal rapier
  3469 | D:4      | Found a roughly hewn altar of Beogh.
  3495 | D:4      | Reached XP level 7. HP: 21/54 MP: 7/7
  3498 | D:4      | Identified the +1 rapier of the Final Decision {flame, *Corrode +Rage rElec} (You found it on level 4 of the Dungeon)
  3582 | D:5      | Entered Level 5 of the Dungeon
  3647 | D:5      | Found a glowing drain.
  3745 | Sewer    | Entered a sewer
  3800 | Sewer    | Noticed Purgy
  3833 | Sewer    | Killed Purgy
  3858 | Sewer    | Identified Giobewad's Almanac of Bewitchment
  4028 | D:5      | Slain by an ogre

Vault maps used:
D:1:      dpeg_arrival_rooms_c, minmay_rat_gold_closets
D:2:      grunt_temple_overflow_open, first_bread, uniq_iyjb
D:4:      serial_shops, nicolae_shop_overgrown_old_shop, kennysheep_orc_chapel,
          uniq_menkaure
D:5:      gup_sewer_entry_glass, uniq_grinder
Sewer:    sewer_the_crocodile

Skill      XL: |  1  2  3  4  5  6 |
---------------+-------------------+-----
Axes           | 2 3 4 5 6 |  6.6
Armour         | 2 |  2.9
Fighting       | |  4.0
Stealth        | |  1.5

Action                   |  1- 3 |  4- 6 |  7- 9 || total
-------------------------+-------+-------+-------++-------
Melee: Hand axe          |   107 |   195 |       ||   302
       War axe           |       |       |   123 ||   123
Throw: Tomahawk          |       |       |     1 ||     1
  Use: Scroll            |       |     7 |       ||     7
Armor: Ring mail         |    11 |       |       ||    11
       Plate armour      |    68 |   185 |   146 ||   399
Dodge: Dodged            |    32 |    43 |    57 ||   132
